 Dungeon Crawl Stone Soup version 0.28-a0-627-g4e9751bbfc (webtiles) character file.

Game seed: 3393115470910283210

22217 Ijustatesigmund the Archer (level 12, 0/97 HPs)
             Began as a Gnoll Fighter on Oct 8, 2021.
             Was a Believer of Cheibriados.
             Shot with an arrow by a centaur warrior (10 damage)
             ... on level 13 of the Dungeon.
             The game lasted 00:25:12 (15913 turns).

Ijustatesigmund the Archer (Gnoll Fighter)         Turns: 15913, Time: 00:25:13

Health: 0/97       AC: 16    Str: 20    XL:     12   Next: 98%
Magic:  23/23      EV: 18    Int: 16    God:    Cheibriados [**....]
Gold:   810        SH:  8    Dex: 24    Spells: 24/26 levels left

rFire   + . .      SeeInvis +   a - +8 double sword of the Manifold Thickets {protect, Fragile rN+ Will+ Dex+5}
rCold   . . .      Faith    .   c - +0 buckler
rNeg    + + .      Spirit   .   b - +0 acid dragon scales
rPois   .          Reflect  .   D - +1 helmet
rElec   .          Harm     .   A - +1 cloak
rCorr   +          Rampage  .   B - +1 pair of gloves of the Zebra {rF+}
Will    +....                   (no boots)
Stlth   ++++......              (no amulet)
HPRegen 0.26/turn               y - ring of see invisible
MPRegen 0.18/turn               I - ring of positive energy

@: mighty, very slightly contaminated, studying Bows, invisible, very slow
A: fangs 1, strong nose, distributed training
a: Renounce Religion, Bend Time


You were on level 13 of the Dungeon.
You worshipped Cheibriados.
Cheibriados was pleased with you.
You visited 2 branches of the dungeon, and saw 14 of its levels.
You also visited: Sewer.

You collected 810 gold pieces.

Inventory:

Hand Weapons
 a - the +8 double sword of the Manifold Thickets (weapon) {protect, Fragile rN+ Will+ Dex+5}
   (You acquired it on level 1 of the Dungeon)

   It grants its wielder temporary protection when it strikes (+7 to AC).
   Dex:       It affects your dexterity (+5).
   rN:        It protects you from negative energy.
   Fragile:   It will be destroyed if unequipped.
   Will:      It increases your willpower.
 e - a +1 war axe of freezing
Missiles
 C - a throwing net (quivered)
Armour
 b - +0 acid dragon scales (worn)
 c - a +0 buckler (worn)
 A - a +1 cloak (worn)
 B - the +1 pair of gloves of the Zebra (worn) {rF+}
   (You found it on level 12 of the Dungeon)

   rF:        It protects you from fire.
 D - a +1 helmet (worn)
Jewellery
 y - a ring of see invisible (left hand)
 I - a ring of positive energy (right hand)
 L - a ring of magical power
Wands
 m - a wand of paralysis (12)
 s - a wand of digging (12)
 u - a wand of polymorph (17)
 x - a wand of flame (39)
 H - a wand of mindburst (7)
Scrolls
 n - 2 scrolls of brand weapon
 p - a scroll of vulnerability
 t - 3 scrolls of amnesia
 v - 2 scrolls of teleportation
 F - a scroll of enchant weapon
 G - a scroll of fear
 K - 2 scrolls of immolation
Potions
 d - 2 potions of might
 f - 2 potions of resistance
 h - 4 potions of curing
 i - 2 potions of heal wounds
 j - 3 potions of lignification
 k - 2 potions of mutation
 o - 3 potions of cancellation
 q - a potion of flight
 r - a potion of attraction
 w - a potion of brilliance {unknown}
 z - 2 potions of degeneration {unknown}
 E - a potion of ambrosia {unknown}


   Skills:
 + Level 10.2 Fighting
 + Level 7.8 Short Blades
 + Level 7.8 Long Blades
 + Level 9.1 Axes
 + Level 7.8 Maces & Flails
 + Level 7.8 Polearms
 + Level 7.8 Staves
 + Level 7.8 Slings
 + Level 10.5 Bows
 + Level 7.8 Crossbows
 + Level 7.8 Throwing
 + Level 10.2 Armour
 + Level 7.8 Dodging
 + Level 7.8 Stealth
 + Level 10.2 Shields
 + Level 7.8 Unarmed Combat
 + Level 7.8 Spellcasting
 + Level 6.4 Conjurations
 + Level 6.4 Hexes
 + Level 6.4 Summonings
 + Level 6.4 Necromancy
 + Level 6.4 Translocations
 + Level 6.4 Transmutations
 + Level 6.4 Fire Magic
 + Level 6.4 Ice Magic
 + Level 6.4 Air Magic
 + Level 6.4 Earth Magic
 + Level 6.4 Poison Magic
 + Level 8.5 Invocations
 + Level 7.8 Evocations


You had 24 spell levels left.
You knew the following spells:

 Your Spells              Type           Power      Damage    Failure   Level
a - Passwall              Tmut/Erth      22%        N/A       1%          2

Your spell library contained the following spells:

 Spells                   Type           Power      Damage    Failure   Level
 Animate Skeleton         Necr           54%        N/A       1%          1
 Pain                     Necr           100%       1d9       1%          1
 Sandblast                Erth           54%        2d13      1%          1
 Slow                     Hex            27%        N/A       1%          2
 Call Canine Familiar     Summ           27%        N/A       3%          3
 Confusing Touch          Hex            27%        N/A       3%          3
 Portal Projectile        Hex/Tloc       54%        N/A       3%          3
 Stone Arrow              Conj/Erth      54%        3d10      3%          3
 Tukima's Dance           Hex            27%        N/A       3%          3
 Vampiric Draining        Necr           13%        2d7       3%          3
 Leda's Liquefaction      Hex/Erth       13%        N/A       10%         4
 Passage of Golubria      Tloc           N/A        N/A       10%         4
 Yara's Violent Unravell  Hex/Tmut       13%        3d7       26%         5


Dungeon Overview and Level Annotations

Branches:
Dungeon (13/15)            Temple (1/1) D:4            Lair (0/6) D:9
    Orc (0/2) D:11          Sewer (visited)
 Vaults: D:13-14

Altars:
Ashenzari
Cheibriados
Dithmenos
Elyvilon
Fedhas
Gozag
Hepliaklqana
Kikubaaqudgha
Makhleb
Nemelex Xobeh
Okawaru
Qazlal
Ru
Sif Muna
Trog
Uskayaw
Vehumet
Wu Jian
Xom
Yredelemnul
Zin
The Shining One
Beogh

Annotations:
D:10 4 runed translucent doors


Innate Abilities, Weirdness & Mutations

You have very sharp teeth.
Your uncanny sense of smell can sniff out nearby items.
Your experience applies equally to all skills.


Message History

The 12-headed hydra bites you but does no damage.
You block the 12-headed hydra's attack.
The 12-headed hydra bites you but does no damage.
The 12-headed hydra closely misses you. The 12-headed hydra misses you.
You block the 12-headed hydra's attack. x2; The 12-headed hydra bites you!
The 12-headed hydra bites you but does no damage.
The 12-headed hydra misses you. The 12-headed hydra closely misses you.
The 12-headed hydra bites you but does no damage.
The centaur warrior shoots an arrow.
The arrow hits the 12-headed hydra!!
The 12-headed hydra dies!
The centaur warrior unwields a +0 longbow.
The centaur warrior closely misses you. The centaur warrior barely misses you.
You see here a hydra corpse.
You barely miss the centaur warrior. You bite the centaur warrior.
The centaur warrior is lightly wounded.
Found a ring mail.
There is an open door here.
A troll comes into view.
Found a potion of curing and 22 gold pieces.
The centaur warrior wields a +0 longbow.
The centaur warrior shoots an arrow.
The arrow barely misses you.
The troll shouts!
Aiming: Mindburst
Press: ? - help, Shift-Dir - straight line, f - centaur warrior
Aim: a centaur warrior, wielding a +0 longbow and quivering arrows (lightly wounded, chance to affect: 76%)
The centaur warrior's mind is blasted!
The centaur warrior shoots an arrow.
The arrow hits you but does no damage.
The centaur warrior shoots an arrow.
The arrow hits you!
* * * LOW HITPOINT WARNING * * *
The centaur warrior shoots an arrow.
You block the arrow.
There is an open door here.
The centaur warrior shoots an arrow. x2
You see here a hydra corpse.
You close the door.
A centaur warrior opens the door.
The centaur warrior shoots an arrow.
The arrow misses you.
The centaur warrior shoots an arrow.
The arrow hits you!!
* * * LOW HITPOINT WARNING * * *
The centaur warrior shoots an arrow.
The arrow hits you!
You die...

..................
..[.....#######'#######...
$.......# #!# #...
........# #####.##### #...
........# #...'.'...# #...
........# #.###.###.# #...
........# #.# #.# #.# #...
........###'###.###'###...
......Tc'@............'...
!.......###'###.###'###.#.
........# #.# #.# #.# #.##
........# #.###.###.# #.#.
........# #...'.'...# #...
........# #####^##### #...
........# #.# #...
........#######'#######...
...........................


You could see a centaur warrior and a troll (wandering).

Vanquished Creatures
  Harold (D:8)
  2 hydras
  A boulder beetle (D:12)
  Erolcha (D:9)
  Erica (D:11)
  2 centaur warriors
  A two-headed ogre (D:11)
  A tengu warrior (D:13)
  A deep elf pyromancer (D:12)
  3 ugly things
  A manticore (D:12)
  4 cyclopes
  A gargoyle (D:12)
  An unseen horror (D:12)
  2 komodo dragons
  4 trolls
  A blink frog (shapeshifter) (D:13)
  4 slime creatures (D:12)
  Sigmund (D:2)
  3 shadows
  A vampire (D:9)
  3 wraiths
  A wyvern (D:8)
  10 yaks
  A steam dragon (D:7)
  14 vampire mosquitoes
  A water moccasin (D:7)
  2 acid dragons
  7 orc warriors
  A black bear (D:7)
  A necrophage (D:5)
  An ice beast (D:7)
  A sky beast (D:7)
  2 ogres
  The ghost of TimeIsEndless the Skirmisher, an amateur FoAK of Lugonu (D:3)
  9 centaurs
  3 phantoms
  A kobold brigand (D:9)
  2 bullfrogs
  2 scorpions
  A water moccasin zombie (D:5)
  5 water moccasin skeletons
  5 wights (D:10)
  2 howler monkeys
  2 centaur zombies
  5 jellies
  A hound (D:5)
  6 orc priests
  A centaur skeleton (D:7)
  A bullfrog skeleton (D:4)
  A gnoll shaman (D:9)
  5 orc wizards
  A scorpion zombie (D:5)
  2 hound skeletons (D:4)
  10 adders
  8 gnolls
  A shadow imp (D:7)
  A white imp (D:6)
  An ufetubus (D:6)
  An adder skeleton (D:4)
  A worm (D:5)
  3 dart slugs
  54 orcs
  10 ball pythons
  3 bats (D:1)
  2 endoplasms
  5 giant cockroaches
  5 goblins
  5 hobgoblins
  5 iguanas
  15 jackals
  8 kobolds
  5 quokkas
  4 frilled lizards
  24 rats
309 creatures vanquished.

Vanquished Creatures (others)
  A hydra (D:13)
  4 fungi (D:2)
  23 plants
28 creatures vanquished.

Grand Total: 337 creatures vanquished

Notes
Turn   | Place    | Note
-------+----------+-------------------------------------------
     0 | D:1      | Ijustatesigmund the Gnoll Fighter began the quest for the
                  | Orb.
     0 | D:1      | Reached XP level 1. HP: 23/23 MP: 1/1
     0 | D:1      | Noticed a human
     0 | D:1      | Noticed a ghoul
     1 | D:1      | Noticed a spriggan
     3 | D:1      | Noticed a barachi
     3 | D:1      | Noticed a merfolk
     5 | D:1      | Noticed a tengu
     7 | D:1      | Noticed an ogre
     8 | D:1      | Noticed an elf
     9 | D:1      | Noticed a felid
    13 | D:1      | Noticed an elf
    13 | D:1      | Noticed a gargoyle
    15 | D:1      | Noticed an octopode
    17 | D:1      | Noticed an octopode
    19 | D:1      | Noticed an ogre
    21 | D:1      | Noticed a dwarf
   211 | D:1      | Identified a scroll of acquirement
   211 | D:1      | Acquired the +8 double sword of the Manifold Thickets
                  | {protect, Fragile rN+ Will+ Dex+5}
   346 | D:1      | Reached XP level 2. HP: 28/29 MP: 2/2
   861 | D:2      | Found a white marble altar of Elyvilon.
   890 | D:2      | Reached XP level 3. HP: 35/35 MP: 3/3
  1001 | D:2      | Reached skill level 1 in Invocations
  1213 | D:2      | Noticed Sigmund
  1218 | D:2      | Killed Sigmund
  1219 | D:2      | Reached skill level 1 in Short Blades
  1219 | D:2      | Reached skill level 1 in Long Blades
  1219 | D:2      | Reached skill level 1 in Maces & Flails
  1219 | D:2      | Reached skill level 1 in Polearms
  1219 | D:2      | Reached skill level 1 in Staves
  1219 | D:2      | Reached skill level 1 in Slings
  1219 | D:2      | Reached skill level 1 in Bows
  1219 | D:2      | Reached skill level 1 in Crossbows
  1219 | D:2      | Reached skill level 1 in Throwing
  1219 | D:2      | Reached skill level 1 in Dodging
  1219 | D:2      | Reached skill level 1 in Stealth
  1219 | D:2      | Reached skill level 1 in Unarmed Combat
  1219 | D:2      | Reached skill level 1 in Spellcasting
  1219 | D:2      | Reached skill level 1 in Conjurations
  1219 | D:2      | Reached skill level 1 in Hexes
  1219 | D:2      | Reached skill level 1 in Summonings
  1219 | D:2      | Reached skill level 1 in Necromancy
  1219 | D:2      | Reached skill level 1 in Translocations
  1219 | D:2      | Reached skill level 1 in Transmutations
  1219 | D:2      | Reached skill level 1 in Fire Magic
  1219 | D:2      | Reached skill level 1 in Ice Magic
  1219 | D:2      | Reached skill level 1 in Air Magic
  1219 | D:2      | Reached skill level 1 in Earth Magic
  1219 | D:2      | Reached skill level 1 in Poison Magic
  1219 | D:2      | Reached skill level 1 in Evocations
  1219 | D:2      | Reached XP level 4. HP: 41/41 MP: 4/6
  1219 | D:2      | Reached XP level 5. HP: 47/47 MP: 4/7
  1468 | D:2      | Found a faded altar of an unknown god.
  1753 | D:3      | Reached XP level 6. HP: 53/53 MP: 8/8
  1818 | D:3      | Found a glowing drain.
  1835 | Sewer    | Entered a sewer
  2549 | D:3      | Found a sacrificial altar of Ru.
  2791 | D:3      | Reached skill level 5 in Axes
  2856 | D:3      | Found a shimmering altar of Xom.
  3060 | D:3      | Found a runed translucent gate.
  3061 | D:3      | Found a runed translucent gate.
  3061 | D:3      | Noticed TimeIsEndless's ghost (amateur FoAK)
  3062 | D:3      | Found a runed translucent gate.
  3098 | D:3      | Killed TimeIsEndless's ghost
  3166 | D:3      | Reached XP level 7. HP: 51/59 MP: 10/10
  3467 | D:4      | Found a staircase to the Ecumenical Temple.
  3891 | D:4      | Reached XP level 8. HP: 58/67 MP: 12/12
  4128 | D:5      | Entered Level 5 of the Dungeon
  4213 | D:5      | Noticed a wraith
  4227 | D:5      | Killed a wraith
  5327 | D:5      | Identified the +7 quarterstaff "Hellblazer" {vorpal, Will+
                  | Int+4}
  5530 | D:6      | Reached XP level 9. HP: 72/72 MP: 14/14
  6816 | D:7      | Reached skill level 5 in Bows
  7111 | D:7      | Found a glowing golden altar of the Shining One.
  7115 | D:7      | Found a basalt altar of Yredelemnul.
  7120 | D:7      | Found a bloodstained altar of Trog.
  7699 | D:8      | Reached skill level 5 in Invocations
  7830 | D:8      | Noticed a centaur warrior
  7846 | D:8      | Killed a centaur warrior
  7847 | D:8      | Reached XP level 10. HP: 20/80 MP: 15/17
  8571 | D:8      | Reached skill level 5 in Short Blades
  8571 | D:8      | Reached skill level 5 in Long Blades
  8571 | D:8      | Reached skill level 5 in Maces & Flails
  8571 | D:8      | Reached skill level 5 in Polearms
  8571 | D:8      | Reached skill level 5 in Staves
  8571 | D:8      | Reached skill level 5 in Slings
  8571 | D:8      | Reached skill level 5 in Crossbows
  8571 | D:8      | Reached skill level 5 in Throwing
  8571 | D:8      | Reached skill level 5 in Dodging
  8571 | D:8      | Reached skill level 5 in Stealth
  8571 | D:8      | Reached skill level 5 in Unarmed Combat
  8571 | D:8      | Reached skill level 5 in Spellcasting
  8571 | D:8      | Reached skill level 5 in Evocations
  8700 | D:8      | Noticed Harold
  8713 | D:8      | Killed Harold
  8778 | D:8      | Found a burning altar of Makhleb.
  9055 | D:9      | Noticed a cyclops
  9069 | D:9      | Killed a cyclops
  9241 | D:9      | Noticed a cyclops
  9248 | D:9      | Killed a cyclops
  9581 | D:9      | Found a staircase to the Lair.
  9581 | D:9      | Noticed Erolcha
  9587 | D:9      | Reached XP level 11. HP: 66/87 MP: 19/19
  9594 | D:9      | Killed Erolcha
  9922 | D:9      | Reached skill level 5 in Conjurations
  9922 | D:9      | Reached skill level 5 in Hexes
  9922 | D:9      | Reached skill level 5 in Summonings
  9922 | D:9      | Reached skill level 5 in Necromancy
  9922 | D:9      | Reached skill level 5 in Translocations
  9922 | D:9      | Reached skill level 5 in Transmutations
  9922 | D:9      | Reached skill level 5 in Fire Magic
  9922 | D:9      | Reached skill level 5 in Ice Magic
  9922 | D:9      | Reached skill level 5 in Air Magic
  9922 | D:9      | Reached skill level 5 in Earth Magic
  9922 | D:9      | Reached skill level 5 in Poison Magic
 10340 | Temple   | Entered the Ecumenical Temple
 10348 | Temple   | Became a worshipper of Cheibriados the Contemplative
 10722 | D:9      | Learned a level 2 spell: Passwall
 10760 | D:10     | Entered Level 10 of the Dungeon
 10840 | D:10     | Found a runed translucent door.
 10857 | D:10     | Found a runed translucent door.
 11578 | D:10     | Found a runed translucent door.
 11585 | D:10     | Found a runed translucent door.
 12037 | D:11     | Reached * piety under Cheibriados
 12068 | D:11     | Noticed a two-headed ogre
 12075 | D:11     | Killed a two-headed ogre
 12513 | D:11     | Found a staircase to the Orcish Mines.
 13131 | D:11     | Noticed Erica
 13136 | D:11     | Paralysed by Erica for 4 turns
 13147 | D:11     | Killed Erica
 13493 | D:12     | Noticed a boulder beetle
 13501 | D:12     | Killed a boulder beetle
 13506 | D:12     | Identified the +1 pair of gloves of the Zebra {rF+}
 13540 | D:12     | Noticed a cyclops
 13547 | D:12     | Killed a cyclops
 13548 | D:12     | Reached XP level 12. HP: 74/96 MP: 22/22
 14169 | D:12     | Noticed a four-headed hydra
 14467 | D:13     | Noticed a four-headed hydra
 14477 | D:13     | Reached ** piety under Cheibriados
 14483 | D:13     | Killed a six-headed hydra
 14613 | D:13     | Noticed a centaur warrior
 14625 | D:13     | Killed a centaur warrior
 14633 | D:13     | Reached skill level 10 in Fighting
 14633 | D:13     | Reached skill level 10 in Bows
 14633 | D:13     | Reached skill level 10 in Armour
 14633 | D:13     | Reached skill level 10 in Shields
 14698 | D:12     | Killed a nine-headed hydra
 15628 | D:13     | Noticed a tengu warrior
 15637 | D:13     | Killed a tengu warrior
 15887 | D:13     | Noticed an eight-headed hydra
 15887 | D:13     | Noticed a centaur warrior
 15903 | D:13     | Killed a 12-headed hydra
 15913 | D:13     | Shot with an arrow by a centaur warrior

Illustrated notes

Levels and vault maps discovered:
D:1:      shiori_arrival_whats_in_store_for_you, layout_basic, moated_statue
D:2:      layout_basic, basic_altar, shapermc_ecumenical_altar_mp_ritualfount,
          minmay_rat_hole, uniq_sigmund
D:3:      layout_rooms, dk_xom_monty_hall, nicolae_overflow_crystal_walls,
          serial_rivers, chequers_serial_rivers_small_a,
          chequers_serial_rivers_micro_d, chequers_serial_rivers_micro_b,
          chequers_serial_rivers_micro_a, biasface_ghost_orc_armoury,
          gup_sewer_entry_glass, wad_floor_pattern_2, minivault_11,
          hangedman_decor_points
D:4:      layout_loops_ring, minmay_temple_entry_waves, minivault_23
D:5:      layout_basic, serial_glass, glass_columns_a, glass_columns_b,
          grunt_ministairs_13, grunt_decor_fettered, serial_park_tiny_1,
          eino_small_chamber_without_monster, minmay_manual_moon
D:6:      layout_loops_corners
D:7:      layout_loops_corners, minmay_overflow_temple_star_quad
D:8:      layout_basic, general_overflow_altar, uniq_harold
D:9:      layout_cave_pools, lair_entry_dummy, special_room [special_room_orc],
          uniq_erolcha
D:10:     layout_stronghold, minmay_statue_crystal_thing
D:11:     layout_stronghold, orc_david_3, kennysheep_generic_room_11, uniq_erica
D:12:     layout_gridville
D:13:     layout_big_octagon, minmay_tree_intersection, minmay_door_square,
          hangedman_decor_clover_reticule, chequers_serial_rivers_room_b
Temple:   lightli_temple_of_artemis

Skill      XL: |  1  2  3  4  5  6  7  8  9 10 11 12 |
---------------+-------------------------------------+-----
Invocations    | 1 2 3 4 5 6 7 8 |  8.5
Short Blades   | 1 2 3 4 5 6 7 |  7.8
Long Blades    | 1 2 3 4 5 6 7 |  7.8
Maces & Flails | 1 2 3 4 5 6 7 |  7.8
Polearms       | 1 2 3 4 5 6 7 |  7.8
Staves         | 1 2 3 4 5 6 7 |  7.8
Slings         | 1 2 3 4 5 6 7 |  7.8
Bows           | 1 2 4 6 7 9 10 | 10.5
Crossbows      | 1 2 3 4 5 6 7 |  7.8
Throwing       | 1 2 3 4 5 6 7 |  7.8
Dodging        | 1 2 3 4 5 6 7 |  7.8
Stealth        | 1 2 3 4 5 6 7 |  7.8
Unarmed Combat | 1 2 3 4 5 6 7 |  7.8
Spellcasting   | 1 2 3 4 5 6 7 |  7.8
Conjurations   | 1 2 3 4 5 6 |  6.4
Hexes          | 1 2 3 4 5 6 |  6.4
Summonings     | 1 2 3 4 5 6 |  6.4
Necromancy     | 1 2 3 4 5 6 |  6.4
Translocations | 1 2 3 4 5 6 |  6.4
Transmutations | 1 2 3 4 5 6 |  6.4
Fire Magic     | 1 2 3 4 5 6 |  6.4
Ice Magic      | 1 2 3 4 5 6 |  6.4
Air Magic      | 1 2 3 4 5 6 |  6.4
Earth Magic    | 1 2 3 4 5 6 |  6.4
Poison Magic   | 1 2 3 4 5 6 |  6.4
Evocations     | 1 2 3 4 5 6 7 |  7.8
Axes           | 5 6 7 8 9 |  9.1
Fighting       | 7 8 9 10 | 10.2
Armour         | 7 8 9 10 | 10.2
Shields        | 7 8 9 10 | 10.2

Action                   |  1- 3 |  4- 6 |  7- 9 | 10-12 || total
-------------------------+-------+-------+-------+-------++-------
Melee: War axe           |     8 |       |       |       ||     8
       Double sword      |    56 |   140 |   242 |   471 ||   909
       Bite              |     4 |    14 |    31 |    69 ||   118
       Punch             |       |     1 |       |       ||     1
Throw: Throwing net      |       |       |       |     4 ||     4
 Cast: Passwall          |       |       |       |     1 ||     1
Invok: Bend Time         |       |       |       |     3 ||     3
Evoke: Wand              |       |       |       |    13 ||    13
  Use: Scroll            |     2 |     1 |     4 |    14 ||    21
       Potion            |     1 |       |     2 |     8 ||    11
 Stab: Sleeping          |       |       |       |     6 ||     6
       Distracted        |       |       |       |     1 ||     1
       Held in net/web   |       |       |       |     4 ||     4
       Paralysed         |       |       |       |     5 ||     5
       Invisible         |       |       |       |     3 ||     3
Armor: Scale mail        |     5 |       |       |       ||     5
       Chain mail        |    19 |    65 |   157 |    33 ||   274
       Acid dragon scale |       |       |       |   272 ||   272
       Skin              |       |       |       |    18 ||    18
Dodge: Dodged            |    28 |    43 |   100 |   489 ||   660
Block: Buckler           |       |     4 |    90 |   277 ||   371

Table legend: (Time is in decaauts)
 A = Elapsed time spent in this place.
 B = Non-inter-level travel time spent in this place.
 C = Inter-level travel time spent in this place.
 D = Time resting spent in this place.
 E = Time spent auto-exploring this place.
 F = Levels seen in this place.
 G = Mean time per level.
                   A        B        C        D        E       F      G
               +--------+--------+--------+--------+--------+-----+--------+
         Total |  17334 |  16517 |    817 |   2968 |  10819 |  15 | 1155.6 |
       Dungeon |  16308 |  15503 |    805 |   2968 |  10146 |  13 | 1254.5 |
        Temple |    140 |    128 |     12 |      0 |     77 |   1 |  140.0 |
         Sewer |    886 |    886 |      0 |      0 |    595 |   1 |  886.0 |
               +--------+--------+--------+--------+--------+-----+--------+

Top non-repeatable levels by time:
    D:12: 2059 daAuts
    D:11: 1826 daAuts
     D:8: 1557 daAuts
    D:10: 1497 daAuts
     D:5: 1494 daAuts
     D:9: 1338 daAuts
     D:7: 1173 daAuts
     D:6: 1051 daAuts
     D:2: 991 daAuts
     D:3: 972 daAuts
   Sewer: 886 daAuts
     D:4: 858 daAuts
     D:1: 763 daAuts
    D:13: 725 daAuts
  Temple: 140 daAuts
